 Dungeon Crawl Stone Soup version 0.31-a0-1612-g4aaf141004 (webtiles) character file.

Game seed: 14844442007931450719

45 innerfire43 the Magician (level 3, -6/40 HPs)
             Began as a Demonspawn Wanderer on Jan 9, 2024.
             Mangled by Terence
             ... wielding a +4 vampiric trident
              (9 damage)
             ... on level 3 of the Dungeon.
             The game lasted 00:03:16 (1336 turns).

innerfire43 the Magician (Demonspawn Wanderer)      Turns: 1336, Time: 00:03:17

Health: -6/40      AC: 21    Str: 13    XL:     3   Next: 42%
Magic:  8/8        EV:  2    Int: 11    God:
Gold:   103        SH:  0    Dex: 14    Spells: 9/10 levels left

rFire   . . .        a - +0 sling
rCold   . . .        (no shield)
rNeg    . . .        d - melded +0 robe
rPois   +            (helmet currently unavailable)
rElec   .            (cloak currently unavailable)
rCorr   .            (gloves currently unavailable)
SInv    .            (boots currently unavailable)
Will    .....        (no amulet)
Stlth   +            (no ring)
HPRegen 0.26/turn    (no ring)
MPRegen 0.11/turn

%: no passive effects
@: tree-form, hasted, very quick
A: stationary, stasis, torment immunity, boosted hp, (sharp scales 1)
a: no special abilities


You were on level 3 of the Dungeon.
You were a tree.
You visited 1 branch of the dungeon, and saw 3 of its levels.

You collected 103 gold pieces.

Inventory:

Hand Weapons
 a - a +0 sling (weapon)
Armour
 d - a +0 robe (melded)
Wands
 b - a wand of polymorph (5)
Scrolls
 c - a scroll of fear
 e - a scroll of blinking {unknown}
 f - a scroll of fog {unknown}
 g - a scroll of butterflies {unknown}
 i - a scroll of noise {unknown}


   Skills:
 * Level 1.7 Fighting
 - Level 1.7 Ranged Weapons
 * Level 4.3 Spellcasting
 * Level 3.5 Evocations


You had 9 spell levels left.
You knew the following spells:

 Your Spells              Type           Power      Damage    Failure   Level
a - Sting                 Conj/Alch      8%         1d3       22%         1

Your spell library contained the following spells:

 Spells                   Type           Power      Damage    Failure   Level
 Static Discharge         Conj/Air       4%         3-4/arc   34%         2
 Fugue of the Fallen      Necr           2%         N/A       56%         3
 Inner Flame              Hex/Fire       2%         N/A       56%         3
 Ozocubu's Armour         Ice            2%         N/A       56%         3
 Tukima's Dance           Hex            2%         N/A       56%         3
 Manifold Assault         Tloc           2%         N/A       92%         4


Dungeon Overview and Level Annotations

Branches:
Dungeon (3/15)

Altars:

Annotations:
D:3 Terence


Innate Abilities, Weirdness & Mutations

You are a tree.
Your roots penetrate the ground, keeping you stationary.
You cannot be teleported.
You are immune to unholy pain and torment.
Your maximum health is greatly increased.
Your equipment is partially melded.
((You are partially covered in razor-sharp scales. (AC +1, Slay +1)))


Message History

Terence is severely wounded.
Terence hits you from afar with a +4 vampiric trident!
* * * LOW HITPOINT WARNING * * *
Terence draws strength from your wounds!
You are too injured to fight recklessly!
You are too injured to fight recklessly!
You are too injured to fight recklessly!
Fire: a) +0 sling
Press: ? - help, Q - select action, (/) - cycle Shift-Dir - straight line, f/p - Terence
Aim: Terence, wielding a +4 vampiric trident and wearing a +0 ring mail (severely wounded, 60% to hit)
You shoot a sling bullet. The sling bullet hits Terence.
Terence is severely wounded.
Terence hits you from afar with a +4 vampiric trident.
* * * LOW HITPOINT WARNING * * *
Terence barely misses you.
It was a potion of lignification.
You turn into a tree.
Your +0 robe melds into your body.
Your roots penetrate the ground.
Terence barely misses you.
Fire: a) +0 sling
Press: ? - help, Q - select action, (/) - cycle Shift-Dir - straight line, f/p - Terence
Aim: Terence, wielding a +4 vampiric trident and wearing a +0 ring mail (severely wounded, 58% to hit)
You shoot a sling bullet. The sling bullet barely misses Terence.
Terence hits you from afar with a +4 vampiric trident.
* * * LOW HITPOINT WARNING * * *
Fire: a) +0 sling
Press: ? - help, Q - select action, (/) - cycle Shift-Dir - straight line, f/p - Terence
Aim: Terence, wielding a +4 vampiric trident and wearing a +0 ring mail (severely wounded, 58% to hit)
You shoot a sling bullet. The sling bullet hits Terence.
Terence is almost dead.
Terence hits you but does no damage.
Fire: a) +0 sling
Press: ? - help, Q - select action, (/) - cycle Shift-Dir - straight line, f/p - Terence
Aim: Terence, wielding a +4 vampiric trident and wearing a +0 ring mail (almost dead, 58% to hit)
You shoot a sling bullet. The sling bullet hits Terence.
Terence is almost dead.
Terence hits you but does no damage. x2
It was a potion of haste.
You feel yourself speed up.
Terence hits you from afar with a +4 vampiric trident!
You die...
Terence says, "Rest in peace."

.... ..# #
..# .# ...
..##
##.##...#
......
########..#
#.......♣.#
#.........#
#.......@.#
#..<......#
#.........#
#.........#
#.......†.#
######+#(...
..##


You could see Terence.

Vanquished Creatures
  An adder (D:2)
  A ribbon worm (D:2)
  2 ball pythons (D:1)
  5 endoplasms
  2 giant cockroaches
  2 goblins (D:1)
  3 hobgoblins
  2 jackals (D:2)
  5 kobolds
  A quokka (D:1)
  A bat (D:1)
  2 frilled lizards
  4 rats
31 creatures vanquished.

Notes
Turn   | Place    | Note
-------+----------+-------------------------------------------
     0 | D:1      | innerfire43 the Demonspawn Wanderer began the quest for the
                  | Orb.
     0 | D:1      | innerfire43 set off with the following items: a +0 sling, a
                  | wand of polymorph (5), a scroll of fear, a +0 robe; and the
                  | following spell memorised: Sting; and the following spells
                  | available to memorise: Static Discharge, Inner Flame,
                  | Tukima's Dance.
     0 | D:1      | Reached XP level 1. HP: 13/13 MP: 5/5
   229 | D:1      | Gained mutation: You are partially covered in razor-sharp
                  | scales. (AC +1, Slay +1) [demonic ancestry]
   229 | D:1      | Reached XP level 2. HP: 20/20 MP: 7/7
   359 | D:1      | Reached skill level 1 in Fighting
   692 | D:2      | Reached XP level 3. HP: 4/26 MP: 0/8
  1322 | D:3      | Noticed Terence
  1333 | D:3      | HP: 2/40 [Terence/+4 vampiric trident (5)]
  1336 | D:3      | Mangled by Terence

Illustrated notes

Levels and vault maps discovered:
D:1:      dreamdust_arrival_sigmund_warning, layout_basic
D:2:      layout_basic
D:3:      layout_basic, serial_shops, nicolae_shop_just_a_little_nook,
          nicolae_shop_stone, nicolae_shop_back_alley_shop,
          kennysheep_decorative_pillar, minmay_misc_feat_columns,
          dreamdust_princess_corridor, uniq_terence

Skill      XL: |  1  2 |
---------------+-------+-----
Fighting       | 1 |  1.7
Ranged Weapons | |  1.7
Spellcasting   | |  4.3
Evocations     | |  3.5

Action                     || total
---------------------------++-------
   Fire: Sling             ||   141
   Cast: Sting             ||     6
    Use: Potion            ||     3
 Armour: Robe              ||    67
         Skin              ||     5
  Dodge: Dodged            ||    59

Table legend: (Time is in decaauts)
 A = Elapsed time spent in this place.
 B = Non-inter-level travel time spent in this place.
 C = Inter-level travel time spent in this place.
 D = Time resting spent in this place.
 E = Time spent auto-exploring this place.
 F = Levels seen in this place.
 G = Mean time per level.
                   A        B        C        D        E       F      G
               +--------+--------+--------+--------+--------+-----+--------+
         Total |   1380 |   1380 |      0 |      0 |   1039 |   3 |  460.0 |
       Dungeon |   1380 |   1380 |      0 |      0 |   1039 |   3 |  460.0 |
               +--------+--------+--------+--------+--------+-----+--------+

Top non-repeatable levels by time:
     D:2: 765 daAuts
     D:1: 586 daAuts
     D:3: 27 daAuts
